 Dungeon Crawl Stone Soup version 0.32-a0-460-gc8eefc9 (webtiles) character file.

Game seed: 9424658045627301637

5735 Remcycle the Grappler (level 10, -7/103 HPs)
             Began as a Troll Monk on Feb 24, 2024.
             Was the Champion of Jiyva.
             Mangled by a two-headed ogre
             ... wielding a +0 giant club
              (23 damage)
             ... on level 9 of the Dungeon.
             The game lasted 00:18:30 (5625 turns).

Remcycle the Grappler (Troll Monk)                  Turns: 5625, Time: 00:18:32

Health: -7/103     AC:  5    Str: 23    XL:     10   Next: 48%
Magic:  9/9        EV: 11    Int:  6    God:    Jiyva [******]
Gold:   72         SH:  0    Dex: 14    Spells: 9/9 levels left

rFire   + +          .
                       - Unarmed
rCold   . . .        c - orb {light}
rNeg    . . .        d - +0 robe
rPois   .            (helmet restricted)
rElec   +            i - +0 cloak
rCorr   +            (gloves unavailable)
SInv    .            (boots unavailable)
Will    .....        l - amulet of regeneration
Stlth   +            (no ring)
HPRegen 4.37/turn    (no ring)
MPRegen 0.91/turn

%: no passive effects
@: glowing
A: large, unfitting armour, claws 3, regeneration 2, shaggy fur 1, tough skin 1,
horns 1, fire resistance 2, robust 1, electricity resistance, wild magic 3
a: Renounce Religion, Oozemancy, Slimify


You were on level 9 of the Dungeon.
You worshipped Jiyva.
Jiyva was exalted by your worship.
You visited 2 branches of the dungeon, and saw 10 of its levels.
You also visited: Sewer.

You collected 270 gold pieces.
You spent 198 gold pieces at shops.

Inventory:

Hand Weapons
 a - a +1 broad axe of flaming
Missiles
 r - a throwing net (quivered)
Armour
 c - an orb of light (worn)
 d - a +0 robe (worn)
 i - a +0 cloak (worn)
Jewellery
 e - a +4 ring of protection
 l - an amulet of regeneration (around neck)
Wands
 j - a wand of digging (1)
 m - a wand of polymorph (4)
 p - a wand of paralysis (8)
Scrolls
 h - 2 scrolls of teleportation
 w - a scroll of enchant weapon
 x - a scroll of revelation
Potions
 b - a potion of ambrosia
 f - 2 potions of mutation
 g - a potion of berserk rage
 k - 3 potions of magic
 n - a potion of heal wounds
 q - 3 potions of curing
 t - a potion of invisibility {unknown}
 v - a potion of haste {unknown}


   Skills:
 + Level 4.6 Fighting
 + Level 2.1 Axes
 + Level 4.6 Dodging
 + Level 14.1 Unarmed Combat


You had 9 spell levels left.
You didn't know any spells.
Your spell library contained the following spells:

 Spells                   Type           Power      Damage    Failure   Level
 Cigotuvi's Dreadful Rot  Necr/Alch/Air  0%         N/A       82%         2
 Dispel Undead            Necr           0%         3d6       100%        4
 Martyr's Knell           Necr/Summ      0%         N/A       100%        4
 Vhi's Electric Charge    Tloc/Air       0%         N/A       100%        4
 Arcjolt                  Conj/Air       0%         1d10      100%        5
 Death Channel            Necr           0%         N/A       100%        6
 Plasma Beam              Fire/Air       0%         2x1d10    100%        6


Dungeon Overview and Level Annotations

Branches:
Dungeon (9/15)             Temple (1/1) D:5           Sewer (visited)
   Lair: D:8-11         Orc: D:9-12

Altars:
Ashenzari
Cheibriados
Dithmenos
Elyvilon
Gozag
Kikubaaqudgha
Makhleb
Nemelex Xobeh
Okawaru
Qazlal
Sif Muna
Trog
Uskayaw
Vehumet
Wu Jian
Xom
Yredelemnul
Zin
The Shining One
Jiyva

Shops:
D:2 !:   D:4 :   D:5 *[!   D:8 (


Innate Abilities, Weirdness & Mutations

You are too large for most types of armour.
You have claws for hands.
You heal very quickly.
You are covered in fur. (AC +1)
You have tough skin. (AC +1)
You have a pair of small horns on your head.
Your flesh is very heat resistant. (rF++)
You are robust. (+10% HP)
You are resistant to electric shocks. (rElec)
Your spells are much harder to cast, but much more powerful.


Message History

You kill the two-headed ogre!
The centaur wields a +0 orcbow.
The centaur shoots an arrow.
The arrow hits you! The steam dragon breathes steam at you.
The ball of steam hits you. You resist.
Your Axes skill increases to level 2!
A two-headed ogre comes into view. It is wielding two +0 giant clubs.
Found a stone staircase leading up.
The two-headed ogre shouts in stereo!
The centaur unwields a +0 orcbow.
The centaur hits you. The centaur kicks you.
Your quicksilver ooze is engulfed in a cloud of scalding steam.
The steam dragon bites you! The steam dragon barely misses you.
Things that are here:
a +0 giant spiked club; a +0 giant spiked club You mangle the centaur!!
You kill the centaur!
Your quicksilver ooze is engulfed in a cloud of scalding steam.
You claw the steam dragon!
The steam dragon is heavily wounded.
Your quicksilver ooze is engulfed in a cloud of scalding steam.
The steam dragon barely misses you. The steam dragon claws you.
Your quicksilver ooze is engulfed in a cloud of scalding steam.
You mangle the steam dragon!!
You kill the steam dragon!
You scratch the two-headed ogre.
The two-headed ogre is lightly wounded.
The two-headed ogre barely misses you.
The two-headed ogre hits you with a +0 giant club!!
You scratch the two-headed ogre.
The two-headed ogre is lightly wounded.
You scratch the two-headed ogre. You headbutt the two-headed ogre.
The two-headed ogre is moderately wounded.
You mangle the two-headed ogre!!
The two-headed ogre is severely wounded.
The two-headed ogre hits you with a +0 giant club!!
* * * LOW HITPOINT WARNING * * *
You shudder from the blow and a jelly pops out!
The two-headed ogre hits you with a +0 giant club!!
You die...
Jiyva sends a jelly to digest your remains.

#### #### #...
#...##############.#.
#)@J..........##.#.
#..O###########......
#..J ###..#. #..#
#.##. #.. # #.##. ...
#.#####.##. ##<
..#.......... #.
..........###
............#


You could see a two-headed ogre (ally target), a friendly azure jelly (summoned)
and a friendly quicksilver ooze (summoned).

Vanquished Creatures
  A two-headed ogre (D:9)
  The ghost of sissy the Slasher, an amateur HuBe of Trog (D:4)
  A wraith (D:8)
  A wyvern (D:7)
  9 yaks
  2 steam dragons
  3 water moccasins (D:5)
  An ice beast (D:8)
  2 black bears (D:6)
  3 orc warriors
  An ogre (D:6)
  3 centaurs
  A phantom (D:5)
  3 kobold brigands
  A brain worm (D:4)
  2 bullfrogs
  A water moccasin zombie (D:5)
  2 scorpions
  3 wights (D:7)
  5 killer bees (D:7)
  3 howler monkeys (D:7)
  2 bombardier beetles
  3 bullfrog zombies (D:5)
  A gnoll bouda (D:8)
  2 hounds
  3 orc priests
  Crazy Yiuf (D:4)
  2 iguanas
  A scorpion zombie (D:5)
  3 orc wizards
  A sleepcap (D:5)
  2 gnolls (D:8)
  10 adders
  A river rat (Sewer)
  A white imp (D:7)
  4 dart slugs
  2 ribbon worms (D:4)
  27 orcs
  2 endoplasms (D:1)
  5 giant cockroaches
  7 goblins
  7 hobgoblins
  9 jackals
  18 kobolds
  6 quokkas
  6 ball pythons
  3 bats
  5 frilled lizards
  7 rats
  2 butterflies
192 creatures vanquished.

Vanquished Creatures (collateral kills)
  An ogre (D:5)
1 creature vanquished.

Vanquished Creatures (others)
  An ogre (D:4)
  A scorpion (D:4)
  A killer bee (D:7)
  3 howler monkeys (D:8)
  6 jellies
  An orc wizard (D:8)
  3 gnolls (D:8)
  An adder (D:4)
  A ribbon worm (D:4)
  A dart slug (D:1)
  4 orcs
  A giant cockroach (D:1)
  3 goblins
  A hobgoblin (D:4)
  2 quokkas
  A ball python (D:1)
  A bat (D:1)
  2 kobolds
  A rat (D:1)
  A butterfly (D:4)
36 creatures vanquished.

Grand Total: 229 creatures vanquished

Notes
Turn   | Place    | Note
-------+----------+-------------------------------------------
     0 | D:1      | Remcycle the Troll Monk began the quest for the Orb.
     0 | D:1      | Reached XP level 1. HP: 22/22 MP: 0/0
   131 | D:1      | Reached XP level 2. HP: 29/29 MP: 1/1
   234 | D:1      | Found a faded altar of an unknown god.
   259 | D:1      | Prayed at the altar of an unknown god.
   259 | D:1      | Became a worshipper of Jiyva Jadeas the Shapeless
   259 | D:1      | Reached * piety under Jiyva
   259 | D:1      | Reached ** piety under Jiyva
   376 | D:1      | Reached *** piety under Jiyva
   499 | D:1      | Gained mutation: You are partially covered in iridescent
                  | scales. (AC +2) [Jiyva's grace]
   499 | D:1      | Gained mutation: You are mostly covered in iridescent
                  | scales. (AC +4) [Jiyva's grace]
   499 | D:1      | Gained mutation: You are completely covered in iridescent
                  | scales. (AC +6) [Jiyva's grace]
   499 | D:1      | Gained mutation: You possess an exceptional clarity of
                  | mind. [Jiyva's grace]
   567 | D:1      | Reached skill level 4 in Unarmed Combat
   663 | D:2      | Reached XP level 3. HP: 36/36 MP: 2/2
   928 | D:2      | Found Wocet's Book Shop.
  1112 | D:2      | Reached **** piety under Jiyva
  1112 | D:2      | Found Pahimide's Distillery.
  1541 | D:3      | Reached skill level 5 in Unarmed Combat
  1541 | D:3      | Reached XP level 4. HP: 42/44 MP: 3/3
  1992 | D:4      | Reached ***** piety under Jiyva
  1995 | D:4      | Found a shimmering altar of Xom.
  1995 | D:4      | Noticed a brain worm
  2000 | D:4      | Found a radiant altar of Vehumet.
  2005 | D:4      | Killed a brain worm
  2006 | D:4      | Reached skill level 6 in Unarmed Combat
  2006 | D:4      | Reached XP level 5. HP: 50/50 MP: 4/4
  2088 | D:4      | Found a runed translucent gate.
  2088 | D:4      | Found a runed translucent gate.
  2089 | D:4      | Found a runed translucent gate.
  2089 | D:4      | Noticed sissy's ghost (amateur HuBe)
  2278 | D:4      | Killed an ogre
  2320 | D:4      | Found a glowing golden altar of the Shining One.
  2328 | D:4      | Found Retroasi's Book Shop.
  2357 | D:4      | Found a white marble altar of Elyvilon.
  2358 | D:4      | Found a sparkling altar of Nemelex Xobeh.
  2505 | D:4      | Found a runed translucent door.
  2506 | D:4      | Noticed Crazy Yiuf
  2552 | D:4      | Found an opulent altar of Gozag.
  2585 | D:4      | Found a glowing silver altar of Zin.
  2699 | D:4      | Killed Crazy Yiuf
  2700 | D:4      | Reached XP level 6. HP: 45/59 MP: 5/5
  2755 | D:4      | Killed sissy's ghost
  2756 | D:4      | Reached skill level 7 in Unarmed Combat
  2783 | D:5      | Entered Level 5 of the Dungeon
  2783 | D:5      | Lost mutation: You are completely covered in iridescent
                  | scales. (AC +6) [Jiyva's grace]
  2783 | D:5      | Gained mutation: Your spells are a little harder to cast,
                  | but a little more powerful. [Jiyva's grace]
  2783 | D:5      | Gained mutation: Your spells are harder to cast, but more
                  | powerful. [Jiyva's grace]
  2783 | D:5      | Gained mutation: Your spells are much harder to cast, but
                  | much more powerful. [Jiyva's grace]
  2783 | D:5      | Gained mutation: You have a pair of small horns on your
                  | head. [Jiyva's grace]
  2810 | D:5      | Found Opriduudo's Antique Armour Emporium.
  2821 | D:5      | Noticed a water moccasin
  2829 | D:5      | Killed a water moccasin
  2830 | D:5      | Reached skill level 8 in Unarmed Combat
  2830 | D:5      | Reached XP level 7. HP: 66/66 MP: 6/6
  2841 | D:5      | Found a basalt altar of Yredelemnul.
  2876 | D:5      | Reached skill level 9 in Unarmed Combat
  2939 | D:5      | Found a staircase to the Ecumenical Temple.
  3066 | D:5      | Found Atsaq's General Store.
  3118 | D:5      | Reached skill level 10 in Unarmed Combat
  3118 | D:5      | Reached XP level 8. HP: 74/74 MP: 7/7
  3135 | D:5      | Found Daghu's Distillery.
  3460 | Temple   | Entered the Ecumenical Temple
  3483 | D:6      | Found a snail-covered altar of Cheibriados.
  3499 | D:6      | Reached skill level 11 in Unarmed Combat
  3500 | D:6      | Found a stormy altar of Qazlal.
  3500 | D:6      | Found a burning altar of Makhleb.
  3589 | D:6      | Reached ****** piety under Jiyva
  3593 | D:6      | Found a hide-covered altar of Uskayaw.
  3628 | D:6      | Found a glowing drain.
  3638 | Sewer    | Entered a sewer
  3847 | Sewer    | Lost mutation: You are mostly covered in iridescent scales.
                  | (AC +4) [potion of mutation]
  3847 | Sewer    | Lost mutation: You possess an exceptional clarity of mind.
                  | [potion of mutation]
  3847 | Sewer    | Gained mutation: Your movements are slightly less
                  | encumbered by armour. (ER -2) [potion of mutation]
  3847 | Sewer    | Gained mutation: You are robust. (+10% HP) [potion of
                  | mutation]
  3847 | Sewer    | Gained mutation: You heal very quickly. [potion of
                  | mutation]
  3954 | D:6      | Gained mutation: You have a pair of horns on your head.
                  | [Jiyva's grace]
  3954 | D:6      | Gained mutation: You have a pair of large horns on your
                  | head. [Jiyva's grace]
  3954 | D:6      | Gained mutation: Your flesh is heat resistant. (rF+)
                  | [Jiyva's grace]
  3954 | D:6      | Gained mutation: Your flesh is very heat resistant. (rF++)
                  | [Jiyva's grace]
  4255 | D:7      | Reached skill level 12 in Unarmed Combat
  4264 | D:7      | Reached XP level 9. HP: 82/88 MP: 8/8
  4398 | D:7      | Lost mutation: Your movements are slightly less encumbered
                  | by armour. (ER -2) [potion of mutation]
  4398 | D:7      | Lost mutation: You have a pair of large horns on your head.
                  | [potion of mutation]
  4398 | D:7      | Lost mutation: You are partially covered in iridescent
                  | scales. (AC +2) [potion of mutation]
  4398 | D:7      | Lost mutation: You have a pair of horns on your head.
                  | [potion of mutation]
  4398 | D:7      | Gained mutation: You are resistant to electric shocks.
                  | (rElec) [potion of mutation]
  4454 | D:7      | Reached skill level 13 in Unarmed Combat
  4818 | D:8      | Found a shimmering blue altar of Sif Muna.
  4900 | D:8      | Reached XP level 10. HP: 100/100 MP: 9/9
  4962 | D:8      | Found Jarphe Cabb's Hydra Hut.
  4967 | D:8      | Noticed a five-headed hydra
  4970 | D:8      | Bought a +1 broad axe of flaming for 198 gold pieces
  5534 | D:9      | Reached skill level 1 in Axes
  5537 | D:9      | Reached skill level 14 in Unarmed Combat
  5614 | D:9      | Noticed a two-headed ogre
  5617 | D:9      | Killed a two-headed ogre
  5618 | D:9      | Noticed a two-headed ogre
  5625 | D:9      | Mangled by a two-headed ogre

Illustrated notes

Levels and vault maps discovered:
D:1:      lemuel_arrival_room, layout_loops_ring,
          shapermc_ecumenical_altar_notcrosses
D:2:      layout_loops_ring, serial_shops, shop, shop, guppyfry_early_lair_pool
D:3:      layout_loops_cross
D:4:      layout_cave_pools, pdpol_temple_overflow_zin_treasury_gozag_greed,
          mainiacjoe_overflow_tiny_flanked, xom_butterflies,
          fiery_altar_vehumet, mainiacjoe_overflow_divided_tiny,
          gammafunk_ghost_split, serial_shops, nicolae_shop_advertising_works
          [nicolae_subvault_shop_adworks], uniq_crazy_yiuf_cottage
D:5:      layout_loops_ring, nicolae_yredelemnul_corpse_copse,
          minmay_temple_entry_butterflies, serial_shops,
          nicolae_shop_behind_doors, shop, shop
D:6:      layout_cave_pools, kennysheep_mini_moat, grunt_temple_overflow_open,
          gup_sewer_entry_pipe
D:7:      layout_gridville, hangedman_abyss_or_decor_stagger
D:8:      layout_cave_pods, mainiacjoe_overflow_concentric_impassable,
          chequers_serial_rivers_small_3, doesnt_shop_hydraphobe
D:9:      layout_loops_ring, kennysheep_small_circle
Temple:   nicolae_temple_ecumenical_triangle

Skill      XL: |  1  2  3  4  5  6  7  8  9 10 |
---------------+-------------------------------+-----
Unarmed Combat | 4 5 6 8 10 12 13 14 | 14.1
Fighting       | 3 4 |  4.6
Dodging        | 3 4 |  4.6
Axes           | 2 |  2.1

Action                     |  1- 3 |  4- 6 |  7- 9 | 10-12 || total
---------------------------+-------+-------+-------+-------++-------
  Melee: Unarmed           |    94 |    86 |   211 |    45 ||   436
         Headbutt          |       |       |    45 |    13 ||    58
    Use: Scroll            |       |     8 |    10 |       ||    18
         Potion            |       |       |     2 |       ||     2
 Armour: Robe              |    56 |    48 |   146 |    24 ||   274
  Dodge: Dodged            |    45 |    44 |    99 |    15 ||   203

Table legend: (Time is in decaauts)
 A = Elapsed time spent in this place.
 B = Non-inter-level travel time spent in this place.
 C = Inter-level travel time spent in this place.
 D = Time resting spent in this place.
 E = Time spent auto-exploring this place.
 F = Levels seen in this place.
 G = Mean time per level.
                   A        B        C        D        E       F      G
               +--------+--------+--------+--------+--------+-----+--------+
         Total |   5566 |   5260 |    306 |     10 |   4273 |  11 |  506.0 |
       Dungeon |   5319 |   5013 |    306 |     10 |   4153 |   9 |  591.0 |
        Temple |      1 |      1 |      0 |      0 |      0 |   1 |    1.0 |
         Sewer |    245 |    245 |      0 |      0 |    119 |   1 |  245.0 |
               +--------+--------+--------+--------+--------+-----+--------+

Top non-repeatable levels by time:
     D:2: 783 daAuts
     D:4: 748 daAuts
     D:8: 715 daAuts
     D:5: 684 daAuts
     D:1: 643 daAuts
     D:3: 591 daAuts
     D:6: 533 daAuts
     D:7: 389 daAuts
   Sewer: 245 daAuts
     D:9: 230 daAuts
  Temple: 1 daAuts
